 Dungeon Crawl Stone Soup version 0.27-a0-1291-geefcff550b (webtiles) character file.

Game seed: 1746168225254630740

2 thriggle the Skirmisher (level 1, 0/24 HPs)
             Began as an Ogre Monk on June 15, 2021.
             Was a Believer of Fedhas.
             Slain by a jackal (3 damage)
             ... on level 1 of the Dungeon.
             The game lasted 00:01:17 (79 turns).

thriggle the Skirmisher (Ogre Monk)                   Turns: 79, Time: 00:01:18

Health: 0/24       AC:  3    Str: 14    XL:     1   Next: 40%
Magic:  1/1        EV: 10    Int: 11    God:    Fedhas [**....]
Gold:   0          SH:  0    Dex: 11    Spells: 0/0 levels left

rFire    . . .     SeeInvis .   a - +0 mace
rCold    . . .     Faith    .   (no shield)
rNeg     . . .     Spirit   .   b - +0 robe
rPois    .         Reflect  .   (helmet restricted)
rElec    .         Harm     .   (no cloak)
rCorr    .         Rampage  .   (gloves unavailable)
Will     .....                  (boots unavailable)
Stlth    ++........             (no amulet)
HPRegen  0.08/turn              (no ring)
MPRegen  0.07/turn              (no ring)

@: no status effects
A: large, unfitting armour, tough skin 1
a: Renounce Religion, Wall of Briars


You were on level 1 of the Dungeon.
You worshipped Fedhas.
Fedhas was pleased with you.
You visited 1 branch of the dungeon, and saw 1 of its levels.

Inventory:

Hand Weapons
 a - a +0 mace (weapon)
Armour
 b - a +0 robe (worn)


   Skills:
 + Level 4.0 Fighting
 + Level 2.7 Maces & Flails
 + Level 0.1 Throwing
 + Level 2.7 Dodging
 + Level 1.4 Stealth
 + Level 0.1 Invocations


You couldn't memorise any spells.
You didn't know any spells.
Your spell library was empty.

Dungeon Overview and Level Annotations

Branches:
Dungeon (1/15)

Altars:
Fedhas


Innate Abilities, Weirdness & Mutations

You are too large for most types of armour.
You have tough skin. (AC +1)


Message History

You closely miss the jackal. The jackal bites you.
The kobold hits you with a +0 whip of electrocution.
The jackal bites you.
The jackal splashes around in the water.
The kobold hits you but does no damage.
You are electrocuted!
* * * LOW HITPOINT WARNING * * *
The jackal closely misses you.
The jackal bites you but does no damage.
The kobold throws a stone.
The stone barely misses you. The jackal closely misses you.
The jackal bites you but does no damage.
You barely miss the jackal. The jackal misses you.
The jackal barely misses you.
You hit the jackal.
The jackal is moderately wounded.
The jackal barely misses you.
The jackal bites you but does no damage.
You completely miss the jackal.
The jackal is moderately wounded.
The jackal bites you but does no damage.
The jackal barely misses you.
You hit the jackal but do no damage.
The jackal is moderately wounded.
The jackal bites you.
* * * LOW HITPOINT WARNING * * *
You aren't carrying any scrolls.
You aren't carrying any potions.
Okay, then.
You don't have enough magic capacity.
You hit the jackal.
The jackal is heavily wounded.
The jackal bites you but does no damage.
The jackal bites you.
* * * LOW HITPOINT WARNING * * *
The jackal misses you.
You closely miss the jackal.
The jackal is heavily wounded.
The jackal bites you.
You die...
Fedhas appreciates your contribution to the ecosystem.

#..≈≈≈..≈......
#≈≈....≈.≈≈≈...
#..†≈≈≈≈≈≈≈≈...
##≈K≈≈≈≈≈≈≈≈≈≈≈#
###...≈≈≈≈≈≈≈≈≈..#
#KK...≈≈≈≈≈≈≈≈≈.≈#
#h##.≈≈≈≈._♣≈≈≈..#
#h##.≈≈≈≈..≈≈≈≈..#
#@##..≈≈≈≈≈≈≈≈≈≈.#
#.##.≈≈≈≈≈≈≈≈≈≈≈.#
#.##≈.≈≈≈≈≈≈≈≈≈≈.#
#.##...≈≈≈.≈.≈≈..#
#.##≈...≈.......≈#
#.#########.....##
#.........'.....+
######...##.....#
#...##.....#


You could see 2 jackals and 2 kobolds.

Vanquished Creatures
  2 jackals (D:1)
2 creatures vanquished.

Notes
Turn   | Place    | Note
-------+----------+-------------------------------------------
     0 | D:1      | thriggle the Ogre Monk began the quest for the Orb.
     0 | D:1      | Reached XP level 1. HP: 24/24 MP: 1/1
    39 | D:1      | Found a faded altar of an unknown god.
    54 | D:1      | Became a worshipper of Fedhas Madash
    54 | D:1      | Reached * piety under Fedhas
    54 | D:1      | Reached ** piety under Fedhas
    79 | D:1      | Slain by a jackal

Illustrated notes

Levels and vault maps discovered:
D:1:      eino_arrival_cavern_d, layout_basic, chequers_ecumenical_altar_island,
          serial_bayou_pond_d

Action                   || total
-------------------------++-------
Melee: Mace              ||    11
Armor: Robe              ||     9
Dodge: Dodged            ||    11

Table legend: (Time is in decaauts)
 A = Elapsed time spent in this place.
 B = Non-inter-level travel time spent in this place.
 C = Inter-level travel time spent in this place.
 D = Time resting spent in this place.
 E = Time spent auto-exploring this place.
 F = Levels seen in this place.
 G = Mean time per level.
                   A        B        C        D        E       F      G
               +--------+--------+--------+--------+--------+-----+--------+
         Total |     89 |     89 |      0 |      0 |     33 |   1 |   89.0 |
       Dungeon |     89 |     89 |      0 |      0 |     33 |   1 |   89.0 |
               +--------+--------+--------+--------+--------+-----+--------+

Top non-repeatable levels by time:
     D:1: 89 daAuts
